 Dungeon Sprint DCSS version 0.28-a0-79-g444c7a33f5 (webtiles) character file.

Game seed: 13925645476824968072

807 Zeldest the Grappler (level 7, -2/38 HPs)
             Began as a Vine Stalker Transmuter on Aug 2, 2021.
             Was a Believer of Cheibriados.
             Killed from afar by a rakshasa (31 damage)
             ... with a lance of force
             ... in the Dungeon (Sprint IX: "|||||||||||||||||||||||||||||").
             The game lasted 00:01:32 (143 turns).

Zeldest the Grappler (Vine Stalker Transmuter)       Turns: 143, Time: 00:01:33

Health: -2/38      AC:  9    Str: 22    XL:     7   Next: 92%
Magic:  0/11       EV: 13    Int: 17    God:    Cheibriados [**....]
Gold:   0          SH:  0    Dex: 21    Spells: 7/10 levels left

rFire   . . .      SeeInvis .     - Unarmed
rCold   . . .      Faith    .   (no shield)
rNeg    . . .      Spirit   +   i - +1 scale mail
rPois   .          Reflect  .   (helmet currently unavailable)
rElec   .          Harm     .   h - +0 cloak
rCorr   .          Rampage  .   (no gloves)
Will    .....      NoTele   +   (boots currently unavailable)
Stlth   ..........              (no amulet)
HPRegen 1.12/turn               j - +3 ring of strength
MPRegen 0.12/turn               k - +3 ring of dexterity

@: appendages, wereblooded, very slightly contaminated, invisible, very slow
A: horns 2, talons 2, fangs 2, regeneration 1, magic shield, antimagic bite, no
potion heal 2
a: End Transformation, Renounce Religion, Bend Time


You were in the Dungeon.
You worshipped Cheibriados.
Cheibriados was pleased with you.
You had temporarily grown beastly horns and talons.
You visited 1 branch

Inventory:

Armour
 a - a +0 robe
 h - a +0 cloak (worn)
 i - a +1 scale mail (worn)
Jewellery
 j - a +3 ring of strength (left hand)
 k - a +3 ring of dexterity (right hand)
Wands
 g - a wand of acid (3)
Scrolls
 e - 2 scrolls of amnesia
 f - 2 scrolls of blinking
Potions
 b - 5 potions of curing
 d - 3 potions of magic


   Skills:
 + Level 4.9 Fighting
 + Level 4.2 Armour
 + Level 4.6 Dodging
 + Level 11.9 Unarmed Combat
 - Level 2.1 Spellcasting
 + Level 5.9 Transmutations
 + Level 5.1 Invocations


You had 7 spell levels left.
You knew the following spells:

 Your Spells              Type           Power      Damage    Failure   Level
a - Beastly Appendage     Tmut           44%        N/A       4%          1
b - Wereblood             Tmut           22%        N/A       6%          2

Your spell library contained the following spells:

 Spells                   Type           Power      Damage    Failure   Level
 Spider Form              Tmut/Pois      5%         N/A       38%         3
 Ice Form                 Ice/Tmut       11%        N/A       80%         4


Dungeon Overview and Level Annotations

Branches:
Dungeon (1/1)

Altars:
Cheibriados
Dithmenos
Elyvilon
Fedhas
Gozag
Hepliaklqana
Kikubaaqudgha
Makhleb
Nemelex Xobeh
Okawaru
Qazlal
Ru
Sif Muna
Trog
Uskayaw
Vehumet
Wu Jian
Xom
Yredelemnul
Zin
The Shining One
Beogh
Jiyva
Lugonu


Innate Abilities, Weirdness & Mutations

You have temporarily grown beastly horns and talons.
You have extremely sharp teeth.
Your natural rate of healing is unusually fast.
When hurt, damage is shared between your health and your magic reserves.
Your bite disrupts and absorbs the magic of your enemies.
Potions cannot restore your health.


Message History

Casting: Beastly Appendage (safe; 4% risk of failure)
Confirm with . or Enter, or press ? or * to list all spells.
Your blood is infused with primal strength.
You fade into invisibility!
You are very lightly contaminated with residual magic.
Magic courses through your body.
You open the door.
A vampire mosquito, a gargoyle, 2 two-headed ogres, a rakshasa and a meliai come into view.
The meliai is wielding a +0 war axe of freezing.
The vampire mosquito buzzes angrily.
The rakshasa hits you from afar with a +0 trident.
Okay, then.
The vampire mosquito buzzes angrily.
The two-headed ogre shouts in stereo!
The rakshasa hits you with a +0 trident.
There is an open door here.
You barely miss the rakshasa. Your kick misses the rakshasa.
You headbutt the rakshasa.
You bite the rakshasa, but do no damage.
The rakshasa is lightly wounded.
The two-headed ogre shouts in stereo!
The rakshasa completely misses you.
The two-headed ogre shouts in stereo!
You hit the rakshasa.
You claw the rakshasa, but do no damage.
You headbutt the rakshasa, but do no damage.
The two-headed ogre shouts in stereo!
Your punch misses the rakshasa.
You bite the rakshasa, but do no damage.
The rakshasa is lightly wounded.
The vampire mosquito buzzes angrily.
The rakshasa hits you with a +0 trident!
You punch the rakshasa! You claw the rakshasa.
Your headbutt misses the rakshasa.
You bite the rakshasa, but do no damage.
The rakshasa is moderately wounded.
The vampire mosquito buzzes angrily.
The rakshasa gestures at you. The lance of force hits you!!!
Ouch! That really hurt!
You die... ▓▓▓▓▓▓▓▓▓▓▓▓▓▓▓▓▓▓▓▓▓▓▓▓ !.)..[...').....@ROy9Oy+ ▓▓▓▓▓▓▓▓▓▓▓▓▓▓▓▓▓▓▓▓▓▓▓▓

You could see a rakshasa, 2 two-headed ogres, a vampire mosquito (wandering), a gargoyle and a meliai.

Vanquished Creatures
  2 shadows (D)
  A yak (D)
  An acid dragon (D)
  An orc warrior (D)
  A necrophage (D)
  A scorpion (D)
  A bat zombie (D)
  A goblin (D)
  2 quokkas (D)
  2 ball pythons (D)
  A ball python zombie (D)
  A kobold (D)
  A rat (D)
16 creatures vanquished.

Notes
Turn   | Place    | Note
-------+----------+-------------------------------------------
     0 | D        | Zeldest the Vine Stalker Transmuter began the quest for the
                  | Orb.
     0 | D        | Reached XP level 1. HP: 9/9 MP: 4/4
    14 | D        | Reached skill level 4 in Unarmed Combat
    21 | D        | Noticed a scorpion
    21 | D        | Noticed a necrophage
    26 | D        | Reached XP level 2. HP: 14/14 MP: 4/6
    29 | D        | Killed a scorpion
    30 | D        | Reached skill level 8 in Unarmed Combat
    30 | D        | Reached XP level 3. HP: 11/17 MP: 3/7
    30 | D        | Gained mutation: Your natural rate of healing is unusually
                  | fast. [Vine Stalker growth]
    30 | D        | Reached XP level 4. HP: 14/21 MP: 3/8
    33 | D        | Killed a necrophage
    34 | D        | Reached skill level 10 in Unarmed Combat
    34 | D        | Reached XP level 5. HP: 20/25 MP: 4/9
    38 | D        | Found a snail-covered altar of Cheibriados.
    38 | D        | Found a shadowy altar of Dithmenos.
    38 | D        | Found a white marble altar of Elyvilon.
    38 | D        | Found a blossoming altar of Fedhas.
    38 | D        | Found an opulent altar of Gozag.
    39 | D        | Found a hazy altar of Hepliaklqana.
    40 | D        | Found a viscous altar of Jiyva.
    41 | D        | Found an ancient bone altar of Kikubaaqudgha.
    42 | D        | Became a worshipper of Cheibriados the Contemplative
    43 | D        | Found a corrupted altar of Lugonu.
    44 | D        | Found a burning altar of Makhleb.
    45 | D        | Found a sparkling altar of Nemelex Xobeh.
    46 | D        | Found an iron altar of Okawaru.
    47 | D        | Found a stormy altar of Qazlal.
    48 | D        | Found a sacrificial altar of Ru.
    49 | D        | Found a shimmering blue altar of Sif Muna.
    50 | D        | Found a bloodstained altar of Trog.
    51 | D        | Found a hide-covered altar of Uskayaw.
    52 | D        | Found a radiant altar of Vehumet.
    53 | D        | Found an ornate altar of the Wu Jian Council.
    54 | D        | Found a shimmering altar of Xom.
    55 | D        | Found a basalt altar of Yredelemnul.
    56 | D        | Found a glowing silver altar of Zin.
    57 | D        | Found a glowing golden altar of the Shining One.
    98 | D        | Noticed a shadow
    98 | D        | Noticed an acid dragon
    98 | D        | Noticed a yak
    98 | D        | Noticed a shadow
    98 | D        | Noticed an orc warrior
   101 | D        | Killed a shadow
   101 | D        | Reached * piety under Cheibriados
   102 | D        | Reached skill level 11 in Unarmed Combat
   102 | D        | Reached XP level 6. HP: 21/32 MP: 6/10
   102 | D        | Killed a shadow
   102 | D        | Killed a yak
   103 | D        | Reached skill level 5 in Transmutations
   103 | D        | Reached XP level 7. HP: 26/37 MP: 6/11
   106 | D        | Reached ** piety under Cheibriados
   107 | D        | HP: 1/38 [orc warrior (4)]
   109 | D        | Reached skill level 5 in Invocations
   136 | D        | Learned a level 2 spell: Wereblood
   139 | D        | Noticed a rakshasa
   139 | D        | Noticed a two-headed ogre
   139 | D        | Noticed a vampire mosquito
   139 | D        | Noticed a gargoyle
   139 | D        | Noticed a two-headed ogre
   139 | D        | Noticed a meliai
   143 | D        | Killed from afar by a rakshasa

Illustrated notes

Levels and vault maps discovered:
D:        linesprint [early_d, line_temple, items_1, d_10, items_2, lair_1,
          lair_end, items_3, orc_1, orc_end, items_4, d_15, swamp_1, shoals_1,
          snake_1, spider_1, d_20, vaults_1, items_5, swamp_end, shoals_end,
          snake_end, spider_end, vaults_end, d_27, items_6, zot_1, zot_end,
          crypt_end, forest_end, elf_end, slime_end, tomb_end, abyss_end,
          pan_hell_end]

Skill      XL: |  1  2  3  4  5  6  7 |
---------------+----------------------+-----
Unarmed Combat | 4 8 10 11 | 11.9
Fighting       | 2 4 |  4.9
Armour         | 2 3 4 |  4.2
Dodging        | 3 4 |  4.6
Transmutations | 3 5 |  5.9
Invocations    | 2 4 5 |  5.1
Spellcasting   | |  2.1

Action                   |  1- 3 |  4- 6 |  7- 9 || total
-------------------------+-------+-------+-------++-------
Melee: Unarmed           |    13 |     4 |     5 ||    22
       Bite              |     3 |     1 |     4 ||     8
       Kick              |     3 |       |     2 ||     5
       Headbutt          |     1 |       |     3 ||     4
       Punch             |     1 |       |       ||     1
 Cast: Beastly Appendage |     2 |       |     2 ||     4
       Wereblood         |       |       |     1 ||     1
Evoke: Wand              |       |     4 |     3 ||     7
  Use: Potion            |     2 |       |     2 ||     4
Armor: Robe              |     2 |       |       ||     2
       Scale mail        |       |     1 |       ||     1
Dodge: Dodged            |     4 |     2 |     1 ||     7

Table legend: (Time is in decaauts)
 A = Elapsed time spent in this place.
 B = Non-inter-level travel time spent in this place.
 C = Inter-level travel time spent in this place.
 D = Time resting spent in this place.
 E = Time spent auto-exploring this place.
 F = Levels seen in this place.
 G = Mean time per level.
                   A        B        C        D        E       F      G
               +--------+--------+--------+--------+--------+-----+--------+
         Total |    158 |    158 |      0 |      0 |      0 |   1 |  158.0 |
       Dungeon |    158 |    158 |      0 |      0 |      0 |   1 |  158.0 |
               +--------+--------+--------+--------+--------+-----+--------+

Top non-repeatable levels by time:
       D: 158 daAuts
